 Dungeon Crawl Stone Soup version 0.17-a0-1987-gaf5a542 (webtiles) character file.

2271 4thArraOfDagon the Skirmisher (level 9, -9/127 HPs)
             Began as a Naga Berserker on Oct 6, 2015.
             Was a Believer of Trog.
             Mangled by an ogre
             ... wielding a +0 giant club
              (15 damage)
             ... on level 10 of the Dungeon.
             The game lasted 00:07:33 (1382 turns).

4thArraOfDagon the Skirmisher (Naga Berserker)      Turns: 1382, Time: 00:07:33

Health: -9/127     AC: 13    Str: 24    XL:     9   Next: 38%
Magic:  9/9        EV:  5    Int: 12    God:    Trog [**....]
Gold:   162        SH:  0    Dex: 10    Spells: 0 memorised, 8 levels left

rFire  + . .     SeeInvis +     t - +0 morningstar
rCold  . . .     Clarity  .     i - +0 plate armour
rNeg   . . .     SustAt   .     (no shield)
rPois  +         Gourm    .     (no helmet)
rElec  .         Spirit   .     (no cloak)
rCorr  .         Warding  .     (no gloves)
rMut   .         Stasis   .     (no barding)
MR     +....                    (no amulet)
Stlth  ..........               l - +3 ring of protection
                                b - ring of protection from fire

@: berserking, lethally poisoned (-9 -> -9), quick, somewhat resistant to
hostile enchantments, extremely unstealthy
A: see invisible, deformed body, poison resistance, slowness 2, slow metabolism
1, spit poison 2, AC +3
a: Spit Poison, Burn Spellbooks, Berserk, Trog's Hand, Renounce Religion


You were on level 10 of the Dungeon.
You worshipped Trog.
Trog was pleased with you.
You were not hungry.

You visited 1 branch of the dungeon, and saw 10 of its levels.

You collected 242 gold pieces.
You spent 80 gold pieces at shops.

Inventory:

Hand Weapons
 a - a +0 hand axe
 d - a +2 long sword of electrocution
 o - a cursed -3 blowgun
 t - a +0 morningstar (weapon)
Missiles
 n - 34 poisoned needles
Armour
 i - a +0 plate armour (worn)
Jewellery
 b - a ring of protection from fire (left hand)
 l - a +3 ring of protection (right hand)
Wands
 r - a wand of magic darts (18)
Scrolls
 e - a scroll of fog
 f - 2 scrolls of amnesia {unknown}
 g - 3 scrolls of identify
 j - a scroll of silence {unknown}
 k - 2 scrolls of enchant armour {unknown}
 m - a scroll of blinking {unknown}
 s - 2 scrolls of teleportation
 w - a scroll of magic mapping {unknown}
 y - a scroll of enchant weapon {unknown}
Potions
 p - a potion of poison
 u - 2 potions of curing {unknown}
 v - a potion of agility {unknown}
Books
 x - a book of Alchemy

   Spells                             Type                      Level
   a - Sublimation of Blood           Necromancy                   2
   b - Ignite Poison                  Fire/Transmutation/Poison    3
   c - Alistair's Intoxication        Transmutation/Poison         4
   d - Condensation Shield            Ice                          4
   e - Petrify                        Transmutation/Earth          4
   f - Irradiate                      Conjuration/Transmutation    5
   Trog disapproves of the use of such an item.
Comestibles
 c - 2 bread rations
 h - a meat ration
 q - 3 fruits
 z - 3 chunks of flesh


   Skills:
 + Level 6.7 Fighting
 - Level 6.2(7.6) Axes
 * Level 6.6(7.8) Maces & Flails
 + Level 5.2 Armour
 - Level 1.5 Dodging


You had 8 spell levels left.
You didn't know any spells.

Dungeon Overview and Level Annotations

Branches:
Dungeon (10/15)            Temple (0/1) D:4
   Lair: D:8-11         Orc: D:9-12

Altars:
Ashenzari
Fedhas
Gozag
Vehumet
Zin

Shops:
D:6 *


Innate Abilities, Weirdness & Mutations

You cannot wear boots.
Your serpentine skin is tough (AC +3).
You have supernaturally acute eyesight.
Armour fits poorly on your strangely shaped body.
Your system is resistant to poisons.
You cover ground very slowly.
You have a slow metabolism.
You can spit poison.


Message History

The hill giant is heavily wounded.
The giant gecko bites you.
The hill giant hits you with a giant club!
* * * LOW HITPOINT WARNING * * *
The ogre hits you with a giant club!!
* * * LOW HITPOINT WARNING * * *
You hit the hill giant.
The hill giant is severely wounded.
Your skin stops crawling.
You feel less resistant to hostile enchantments.
The giant gecko bites you but does no damage.
The yak gores you.
* * * LOW HITPOINT WARNING * * *
Unknown command.
You sock the hill giant!
The hill giant is almost dead.
You feel sick.
The hill giant hits you but does no damage.
The ogre hits you with a giant club!
You die...

####
#...#.#
##O....>#
#@l.....#
#YC.....o
#.Y.....#
##.Y....#
#......
..#...
......
..#...


You could see a hill giant, 3 yaks, an orc warrior (wandering), an ogre and a
giant gecko.

Vanquished Creatures
  The ghost of nago the Thaumaturge, a novice HuNe of Ashenzari (D:9)
  A cyclops (D:8)
  A water moccasin (D:8)
  An ice beast (D:9)
  A sky beast (D:5)
  2 ogres
  2 centaurs
  3 giant frogs
  Blork the orc (D:4)
  A scorpion (D:6)
  A killer bee (D:10)
  A quasit (D:8)
  A jelly (D:9)
  A giant frog skeleton (D:5)
  An iguana (D:8)
  2 orc wizards (D:5)
  3 worker ants (D:8)
  2 hound skeletons (D:8)
  2 adders
  A worm (D:2)
  An adder skeleton (D:9)
  2 giant geckos
  3 orcs
  4 giant cockroaches
  2 goblins
  2 hobgoblins
  A bat (D:2)
  3 giant newts
  A jackal skeleton (D:8)
  A kobold (D:3)
  A quokka (D:8)
50 creatures vanquished.

Notes
Turn   | Place    | Note
--------------------------------------------------------------
     0 | D:1      | 4thArraOfDagon the Naga Berserker began the quest for the Orb.
     0 | D:1      | Reached XP level 1. HP: 21/21 MP: 1/1
    66 | D:2      | Reached XP level 2. HP: 28/28 MP: 2/2
    75 | D:2      | Found an opulent altar of Gozag.
   349 | D:3      | Reached XP level 3. HP: 26/34 MP: 3/3
   386 | D:4      | Found a staircase to the Ecumenical Temple.
   390 | D:4      | Noticed Blork the orc
   399 | D:4      | Killed Blork the orc
   399 | D:4      | Reached skill level 4 in Axes
   399 | D:4      | Reached XP level 4. HP: 38/42 MP: 4/4
   418 | D:5      | Entered Level 5 of the Dungeon
   427 | D:5      | Noticed an ogre
   446 | D:5      | Killed an ogre
   446 | D:5      | Reached XP level 5. HP: 11/50 MP: 5/5
   465 | D:5      | Found a blossoming altar of Fedhas.
   477 | D:5      | Reached skill level 5 in Axes
   545 | D:5      | Noticed a centaur
   557 | D:5      | Killed a centaur
   557 | D:5      | Reached XP level 6. HP: 29/57 MP: 6/6
   595 | D:5      | Noticed a sky beast
   600 | D:5      | Acquired Trog's second power
   609 | D:5      | Killed a sky beast
   630 | D:5      | Noticed an orc warrior
   636 | D:5      | Found a glowing silver altar of Zin.
   638 | D:5      | Noticed a gnoll sergeant
   676 | D:6      | Found Debragg's General Store.
   681 | D:6      | Bought 2 scrolls of teleportation for 60 gold pieces
   681 | D:6      | Bought a scroll of identify for 20 gold pieces
   694 | D:6      | Reached skill level 6 in Axes
   694 | D:6      | Reached XP level 7. HP: 66/66 MP: 7/7
   762 | D:6      | Reached skill level 1 in Maces & Flails
   894 | D:8      | Noticed a cyclops
   909 | D:8      | Killed a cyclops
   909 | D:8      | Reached skill level 5 in Fighting
   909 | D:8      | Reached XP level 8. HP: 42/75 MP: 8/8
  1038 | D:7      | Found a shattered altar of Ashenzari.
  1140 | D:8      | Found a radiant altar of Vehumet.
  1231 | D:9      | Noticed nago's ghost (novice HuNe)
  1245 | D:9      | Killed nago's ghost
  1245 | D:9      | Reached skill level 5 in Armour
  1245 | D:9      | Reached XP level 9. HP: 46/85 MP: 9/9
  1361 | D:10     | Entered Level 10 of the Dungeon
  1371 | D:10     | Noticed a hill giant
  1382 | D:10     | HP: 6/127 [poisoned by a killer bee]
  1382 | D:10     | Mangled by an ogre

Vault maps used:
D:1:      dpeg_arrival_windows_large_door
D:2:      lemuel_doored_altar, first_bread
D:3:      minmay_misc_feat_doors, grunt_decor_mini_mirrors, dk_vineyard_1
D:4:      minmay_temple_entry_large_hall, serial_bayou_pond_e,
          uniq_blork_the_orc, uniq_crazy_yiuf_cottage
D:5:      lemuel_crystal_altar, kennysheep_mini, serial_bayou_pond_c,
          nicolae_dithmenos_through_a_glass_darkly, uniq_prince_ribbit1
D:6:      serial_shops, shop, uniq_pikel
D:7:      kennysheep_housing_project, nicolae_overflow_hidden_temple,
          gammafunk_temple_overflow_elements
D:8:      nicolae_overflow_crystal_walls, hangedman_tree_tricks, st_stairs_4
D:9:      minmay_librarian
D:10:     kennysheep_big_flooded_room, serial_shops, shop

Action                   |  1- 3 |  4- 6 |  7- 9 || total
-------------------------+-------+-------+-------++-------
Melee: Hand axe          |    36 |    52 |    43 ||   131
       Morningstar       |       |       |    72 ||    72
Invok: Berserk           |     1 |     4 |     6 ||    11
       Trog's Hand       |       |       |     4 ||     4
 Abil: Spit Poison       |    13 |     4 |    16 ||    33
Evoke: Wand              |       |       |     1 ||     1
  Use: Scroll            |     2 |       |     1 ||     3
       Potion            |       |     4 |       ||     4
  Eat: Chunk             |       |     4 |    10 ||    14
